 Dungeon Crawl Stone Soup version 0.21.1-1-g345015f (webtiles) character file.

3449 Hasart the Cleaver (level 10, -2/75 (77) HPs)
             Began as a Formicid Fighter on Apr 10, 2018.
             Was a High Priest of Zin.
             Slain by a two-headed ogre
             ... wielding a +0 giant club
              (15 damage)
             ... on level 8 of the Dungeon.
             The game lasted 00:13:34 (5905 turns).

Hasart the Cleaver (Formicid Fighter)               Turns: 5905, Time: 00:13:35

HP:   -2/75 (77)    AC: 11    Str: 22    XL:     10   Next: 26%
MP:   13/13         EV: 13    Int:  9    God:    Zin [*****.]
Gold: 413           SH: 11    Dex: 18    Spells: 9/9 levels left

rFire    . . .     SeeInvis +   a - +0 war axe
rCold    . . .     Gourm    .   c - +0 shield
rNeg     . . .     Faith    .   b - +0 scale mail
rPois    ∞         Spirit   .   (helmet unavailable)
rElec    .         Reflect  .   (no cloak)
rCorr    .         Harm     .   q - +0 pair of gloves
MR       +....                  (no boots)
Stlth    ..........             r - amulet of regeneration
HPRegen  0.62/turn              d - +4 ring of dexterity
MPRegen  0.13/turn              (no ring)

@: vitalised
A: permanent stasis, dig shafts and tunnels, four strong arms, antennae 3, icy
blue scales 1
a: Dig, Shaft Self, Recite, Vitalisation, Imprison, Sanctuary, Donate Gold,
Renounce Religion


You were on level 8 of the Dungeon.
You worshipped Zin.
Zin was extremely pleased with you.
You were hungry.

You visited 1 branch of the dungeon, and saw 8 of its levels.

You collected 458 gold pieces.
You donated 45 gold pieces to Zin.

Inventory:

Hand Weapons
 a - a +0 war axe (weapon)
Armour
 b - a +0 scale mail (worn)
 c - a +0 shield (worn)
 q - a +0 pair of gloves (worn)
Jewellery
 d - a +4 ring of dexterity (left hand)
 r - an amulet of regeneration (around neck)
 u - a +5 amulet of reflection
 E - an uncursed amulet of magic regeneration {unknown}
Scrolls
 g - 3 scrolls of remove curse
 j - a scroll of enchant armour {unknown}
 l - 5 scrolls of identify
 n - 2 scrolls of immolation {unknown}
 o - 3 scrolls of noise {unknown}
 s - 2 scrolls of blinking {unknown}
 w - a scroll of fear {unknown}
 x - a scroll of amnesia {unknown}
 y - a scroll of random uselessness {unknown}
 B - a scroll of enchant weapon {unknown}
Potions
 e - 5 potions of curing {unknown}
 h - 5 potions of flight {unknown}
 i - 2 potions of mutation
 k - 2 potions of heal wounds {unknown}
 m - a potion of invisibility {unknown}
 p - 2 potions of agility {unknown}
 t - 2 potions of degeneration {unknown}
 v - a potion of cancellation {unknown}
 z - 2 potions of haste {unknown}
 A - 3 potions of lignification {unknown}
 D - a potion of brilliance {unknown}
Comestibles
 f - 15 rations
 C - 4 chunks of flesh


   Skills:
 + Level 6.9 Fighting
 * Level 8.1 Axes
 + Level 6.7 Armour
 + Level 4.7 Dodging
 + Level 7.5 Shields
 + Level 4.4 Invocations


You had 9 spell levels left.
You didn't know any spells.

Dungeon Overview and Level Annotations

Branches:
Dungeon (8/15)             Temple (0/1) D:5
   Lair: D:8-11

Altars:
Ashenzari
Cheibriados
Dithmenos
Elyvilon
Nemelex Xobeh
Qazlal
Vehumet
Xom
Zin
The Shining One

Annotations:
D:8 1 transporter


Innate Abilities, Weirdness & Mutations

You cannot be hasted, slowed, berserked, paralysed or teleported.
You can dig through walls and to a lower floor.
Your four strong arms can wield two-handed weapons with a shield.
You have a pair of large antennae on your head. (SInv)
You are partially covered in icy blue scales. (AC +2)


Message History

You block the two-headed ogre's attack.
You barely miss the two-headed ogre.
The two-headed ogre is moderately wounded.
An orc warrior comes into view. It is wielding a scimitar.
You slash the two-headed ogre!
The two-headed ogre is heavily wounded.
The two-headed ogre hits you with a giant club!
The two-headed ogre hits you with a giant spiked club!
You barely miss the two-headed ogre.
The two-headed ogre is heavily wounded.
The two-headed ogre hits you with a giant club!!
* * * LOW HITPOINT WARNING * * *
You block the two-headed ogre's attack.
Your scale mail prevents you from hitting the two-headed ogre.
The two-headed ogre is heavily wounded.
The two-headed ogre closely misses you. x2
You barely miss the two-headed ogre.
The two-headed ogre is heavily wounded.
The two-headed ogre hits you with a giant club!
You die...

.# # #.. # ## .#.
###.... oo .......#
#oo## ..#..#.# 5#.
.....#.# #O##
.......# ##@.#
.......# ##.#.#
.#...#.# #####.####
..#....###..#...#
.......##..#.##...#
..#..#.##.#.#.#[#.#
..#..#.#
#))#.####.$
..#....# #.)#$. ###
...#.#####..####


You could see a two-headed ogre, an orc warrior, a shadow imp and 2 orcs.

Vanquished Creatures
  The ghost of Totori the Zephyrmancer, a novice TeAE of Yredelemnul (D:7)
  Grinder (D:3)
  A hippogriff (D:8)
  Duvessa (D:4)
  A sky beast (D:8)
  A necrophage (D:7)
  3 orc warriors
  An ice beast (D:6)
  4 ogres
  4 centaurs
  A big kobold (D:7)
  Blork the orc (D:4)
  A gnoll sergeant (D:7)
  2 bullfrogs
  A scorpion (D:6)
  Dowan (D:4)
  2 crimson imps
  A quasit (D:6)
  6 orc priests
  4 hounds
  2 jellies (D:7)
  An orc wizard (D:7)
  Jessica (D:2)
  An iguana (D:8)
  4 worker ants
  A killer bee zombie (D:8)
  A worker ant zombie (D:5)
  9 gnolls
  A howler monkey skeleton (D:5)
  8 adders
  3 oozes
  An adder zombie (D:5)
  2 worms
  A dart slug (D:1)
  A leopard gecko (D:1)
  16 orcs
  7 bats
  6 giant cockroaches
  4 goblins
  8 hobgoblins
  15 jackals
  2 quokkas (D:2)
  5 frilled lizards
  12 kobolds
  A leopard gecko skeleton (D:6)
  2 quokka skeletons
  8 rats
161 creatures vanquished.

Notes
Turn   | Place    | Note
-------+----------+-------------------------------------------
     0 | D:1      | Hasart the Formicid Fighter began the quest for the Orb.
     0 | D:1      | Reached XP level 1. HP: 18/18 MP: 1/1
   125 | D:1      | Reached XP level 2. HP: 24/24 MP: 2/2
   311 | D:1      | Reached XP level 3. HP: 29/29 MP: 3/3
   707 | D:2      | Found a shattered altar of Ashenzari.
   764 | D:2      | Found a faded altar of an unknown god.
   774 | D:2      | Became a worshipper of Zin the Law-Giver
   774 | D:2      | Reached * piety under Zin
   821 | D:2      | Reached skill level 1 in Dodging
   821 | D:2      | Reached XP level 4. HP: 22/36 MP: 4/4
   986 | D:2      | Reached ** piety under Zin
  1037 | D:2      | Reached skill level 3 in Axes
  1122 | D:2      | Noticed Jessica
  1131 | D:2      | Killed Jessica
  1143 | D:2      | Reached XP level 5. HP: 40/42 MP: 5/5
  1481 | D:3      | Found a radiant altar of Vehumet.
  1738 | D:3      | Reached *** piety under Zin
  1801 | D:3      | Noticed Grinder
  1822 | D:3      | Killed Grinder
  1822 | D:3      | Reached skill level 4 in Axes
  1822 | D:3      | Reached XP level 6. HP: 7/49 MP: 6/6
  1891 | D:3      | Found a sparkling altar of Nemelex Xobeh.
  2012 | D:3      | Noticed an ogre
  2022 | D:3      | Killed an ogre
  2022 | D:3      | Reached XP level 7. HP: 50/55 MP: 7/7
  2038 | D:3      | Found a glowing golden altar of the Shining One.
  2136 | D:4      | Reached skill level 5 in Shields
  2213 | D:4      | Noticed Duvessa
  2213 | D:4      | Noticed Dowan
  2214 | D:4      | Found a glowing silver altar of Zin.
  2217 | D:4      | Gained mutation: You are partially covered in icy blue scales. (AC +2) [potion of mutation]
  2227 | D:4      | Killed Dowan
  2235 | D:4      | Killed Duvessa
  2244 | D:4      | Noticed an angel
  2296 | D:4      | Found a shimmering altar of Xom.
  2323 | D:4      | Reached skill level 5 in Axes
  2330 | D:4      | Reached **** piety under Zin
  2355 | D:4      | Noticed Blork the orc
  2366 | D:4      | Killed Blork the orc
  2441 | D:4      | Reached XP level 8. HP: 61/61 MP: 8/8
  2461 | D:4      | Reached skill level 5 in Fighting
  2610 | D:5      | Entered Level 5 of the Dungeon
  2635 | D:5      | Reached skill level 5 in Armour
  2929 | D:5      | Found a shimmering altar of Xom.
  2931 | D:5      | Found a stormy altar of Qazlal.
  2931 | D:5      | Found a glowing silver altar of Zin.
  2934 | D:5      | Found a radiant altar of Vehumet.
  2934 | D:5      | Found a shadowy altar of Dithmenos.
  2934 | D:5      | Found a shimmering altar of Xom.
  3319 | D:5      | Found a staircase to the Ecumenical Temple.
  3576 | D:6      | Reached skill level 1 in Invocations
  3628 | D:6      | Reached skill level 6 in Axes
  3786 | D:6      | Reached XP level 9. HP: 68/68 MP: 10/10
  4565 | D:7      | Reached skill level 7 in Axes
  4860 | D:7      | Reached ***** piety under Zin
  5189 | D:7      | Found a white marble altar of Elyvilon.
  5283 | D:7      | Noticed Totori's ghost (novice TeAE)
  5293 | D:7      | Killed Totori's ghost
  5293 | D:7      | Reached XP level 10. HP: 60/75 MP: 9/12
  5381 | D:7      | Found a snail-covered altar of Cheibriados.
  5826 | D:8      | Found a transporter.
  5829 | D:8      | Noticed a cyclops
  5873 | D:8      | Reached skill level 8 in Axes
  5893 | D:8      | Noticed a two-headed ogre
  5905 | D:8      | Slain by a two-headed ogre

Skill      XL: |  1  2  3  4  5  6  7  8  9 10 |
---------------+-------------------------------+-----
Shields        | 4 5 6 7 |  7.5
Dodging        | 1 2 3 4 |  4.7
Axes           | 3 4 5 6 7 8 |  8.1
Armour         | 4 5 6 |  6.7
Fighting       | 4 5 6 |  6.9
Invocations    | 2 3 4 |  4.4

Action                   |  1- 3 |  4- 6 |  7- 9 | 10-12 || total
-------------------------+-------+-------+-------+-------++-------
Melee: War axe           |    73 |   101 |   381 |    89 ||   644
Invok: Vitalisation      |       |       |     2 |     2 ||     4
  Use: Potion            |       |     1 |     1 |       ||     2
       Scroll            |       |       |     2 |       ||     2
  Eat: Chunk             |       |     3 |     7 |     3 ||    13
       Ration            |       |       |     1 |       ||     1
Armor: Scale mail        |    24 |    40 |   110 |    38 ||   212
Dodge: Dodged            |    34 |    43 |   150 |    50 ||   277
Block: Shield            |    45 |    47 |   199 |    66 ||   357
